 Dungeon Crawl Stone Soup version 0.28.0 (webtiles) character file.

Game seed: 18013000827644905871

186 a3don the Skirmisher (level 5, -2/42 HPs)
             Began as a Demonspawn Fighter on Feb 7, 2022.
             Killed by nerve-wracking pain
             ... invoked by an orc priest
              (6 damage)
             ... on level 5 of the Dungeon.
             The game lasted 00:02:39 (2579 turns).

a3don the Skirmisher (Demonspawn Fighter)           Turns: 2579, Time: 00:02:39

Health: -2/42      AC: 12    Str: 19    XL:     5   Next: 38%
Magic:  6/6        EV: 14    Int:  9    God:
Gold:   89         SH:  9    Dex: 12    Spells: 6/6 levels left

rFire   . . .      SeeInvis .   a - +0 war axe
rCold   . . .      Faith    .   c - +0 buckler
rNeg    . . .      Spirit   .   b - +0 scale mail
rPois   .          Reflect  +   (no helmet)
rElec   .          Harm     .   h - scarf {shadows}
rCorr   .          Rampage  .   f - +0 pair of gloves
Will    .....                   o - +0 pair of boots
Stlth   ..........              j - amulet of reflection
HPRegen 0.14/turn               (no ring)
MPRegen 0.10/turn               (no ring)

@: mighty, agile
A: slimy green scales 2, powered by pain 1
a: no special abilities


You were on level 5 of the Dungeon.
You visited 1 branch of the dungeon, and saw 4 of its levels.

You collected 89 gold pieces.

Inventory:

Hand Weapons
 a - a +0 war axe (weapon)
Missiles
 e - 17 stones (quivered)
 k - 3 poisoned darts
Armour
 b - a +0 scale mail (worn)
 c - a +0 buckler (worn)
 f - a +0 pair of gloves (worn)
 h - a scarf of shadows (worn)
 o - a +0 pair of boots (worn)
Jewellery
 j - an amulet of reflection (around neck)
Scrolls
 i - a scroll of identify
 l - a scroll of amnesia
Potions
 g - a potion of curing
 m - a potion of flight
 n - a potion of lignification {unknown}


   Skills:
 + Level 3.7 Fighting
 + Level 2.7 Axes
 + Level 3.4 Armour
 + Level 3.4 Shields
 * Level 1.2 Spellcasting
 * Level 1.2 Ice Magic


You had 6 spell levels left.
You didn't know any spells.
Your spell library contained the following spells:

 Spells                   Type           Power      Damage    Failure   Level
 Frozen Ramparts          Ice            4%         1d2       95%         3
 Ice Form                 Ice/Tmut       1%         N/A       100%        4
 Summon Ice Beast         Ice/Summ       1%         N/A       100%        4


Dungeon Overview and Level Annotations

Branches:
Dungeon (5/15)
 Temple: D:4-7

Altars:
Nemelex Xobeh

Shops:
D:1 (


Innate Abilities, Weirdness & Mutations

You are mostly covered in slimy green scales. (AC +3)
You sometimes gain a little power by taking damage.


Message History

The orc priest invokes the aid of Beogh against you.
Beogh smites you!
The orc priest hits you but does no damage.
The orc wizard points at you and mumbles some strange words.
The puff of flame hits you but does no damage.
You block the orc priest's attack.
You feel very mighty all of a sudden. You block the orc priest's attack.
The orc barely misses you.
The orc priest hits you but does no damage.
You slash the orc priest!
The orc priest is almost dead.
You barely miss the orc. The orc priest closely misses you.
The orc priest looks satisfied for a moment.
The orc priest barely misses you.
You hit the orc priest.
You kill the orc priest!
You hit the orc wizard.
The orc priest looks encouraged for a moment.
The orc wizard gestures wildly while chanting.
The orc wizard flickers and vanishes!
Deactivating autopickup; reactivate with Ctrl-A.
You slash the orc!
You kill the orc!
You barely miss something. The orc priest misses you.
Something hits you but does no damage.
The orc priest invokes the aid of Beogh against you.
Pain shoots through your body! Something hits you.
The orc priest mumbles some strange prayers to Beogh against you.
Pain shoots through your body!
* * * LOW HITPOINT WARNING * * *
You focus on the pain.
You feel agile all of a sudden.
Things that are here:
a +0 whip; an orc corpse You barely miss the orc priest.
You miss something. Something hits you but does no damage.
The orc priest calls down the wrath of Beogh upon you.
Pain shoots through your body!
You die...

#..#. #..#. #.... #..
....#. ########## #.#
#####. .........# #.#
#. .........# #.# #.
.....o...# #.# #.
......@).# #.# #.
......{..###.#########.
.......................
.##.########...........
#. ############ #


You could see an orc priest.

Vanquished Creatures
  An orc priest (D:5)
  A jelly (D:5)
  An iguana (D:5)
  A hound zombie (D:5)
  3 adders
  A white imp (D:5)
  2 ufetubi (D:5)
  A worm (D:2)
  2 dart slugs (D:1)
  2 orcs (D:5)
  2 ball pythons (D:1)
  An endoplasm (D:1)
  2 giant cockroaches (D:1)
  7 hobgoblins
  2 quokkas
  3 frilled lizards
  4 kobolds
  5 rats
41 creatures vanquished.

Notes
Turn   | Place    | Note
-------+----------+-------------------------------------------
     0 | D:1      | a3don the Demonspawn Fighter began the quest for the Orb.
     0 | D:1      | Reached XP level 1. HP: 18/18 MP: 1/1
    64 | D:1      | Found a faded altar of an unknown god.
   367 | D:1      | Gained mutation: You are partially covered in slimy green
                  | scales. (AC +2) [demonic ancestry]
   367 | D:1      | Reached XP level 2. HP: 24/24 MP: 2/2
   479 | D:1      | Found Koacuj's Weapon Boutique.
  1030 | D:2      | Gained mutation: You are mostly covered in slimy green
                  | scales. (AC +3) [demonic ancestry]
  1030 | D:2      | Reached XP level 3. HP: 29/29 MP: 3/3
  1845 | D:3      | You fall into a shaft and drop 2 floors!
  1845 | D:5      | Entered Level 5 of the Dungeon
  1857 | D:5      | Gained mutation: You sometimes gain a little power by
                  | taking damage. [demonic ancestry]
  1857 | D:5      | Reached XP level 4. HP: 34/35 MP: 4/4
  2051 | D:5      | Found a sparkling altar of Nemelex Xobeh.
  2509 | D:5      | Reached skill level 1 in Spellcasting
  2509 | D:5      | Reached skill level 1 in Ice Magic
  2509 | D:5      | Reached XP level 5. HP: 35/42 MP: 6/6
  2579 | D:5      | Killed from afar by an orc priest

Illustrated notes

Levels and vault maps discovered:
D:1:      dpeg_arrival_circle_labyrinth_a, layout_basic,
          hellmonk_ecumenical_altar_blasted, serial_shops, shop
D:2:      layout_basic, hangedman_glass_teeth
D:3:      layout_loops_ring
D:5:      layout_basic, mainiacjoe_overflow_tiny_flanked

Skill      XL: |  1  2  3  4 |
---------------+-------------+-----
Axes           | 2 |  2.7
Armour         | 3 |  3.4
Shields        | 3 |  3.4
Spellcasting   | 1 |  1.2
Ice Magic      | 1 |  1.2
Fighting       | |  3.7

Action                   |  1- 3 |  4- 6 || total
-------------------------+-------+-------++-------
Melee: War axe           |    87 |    33 ||   120
  Use: Scroll            |     5 |       ||     5
       Potion            |       |     1 ||     1
Armor: Scale mail        |    39 |    20 ||    59
Dodge: Dodged            |    44 |    17 ||    61
Block: Buckler           |    22 |    24 ||    46
